 Dungeon Crawl Stone Soup version 0.29.0-4-gdea44cf6ec (webtiles) character file.

Game seed: 4312195012467954020

51 qw the Chopper (level 3, -2/21 HPs)
             Began as a Tengu Warper on Aug 29, 2022.
             Slain by Sigmund
             ... wielding a +0 scythe
              (10 damage)
             ... on level 2 of the Dungeon.
             The game lasted 00:00:17 (1445 turns).

qw the Chopper (Tengu Warper)                       Turns: 1445, Time: 00:00:17

Health: -2/21      AC:  3    Str: 13    XL:     3   Next: 81%
Magic:  7/7        EV: 12    Int: 13    God:
Gold:   85         SH:  0    Dex: 13    Spells: 6/6 levels left

rFire   . . .      SeeInvis .   Y - +0 hand axe
rCold   + . .      Faith    .   (no shield)
rNeg    . . .      Spirit   .   b - +0 leather armour
rPois   .          Reflect  .   (helmet restricted)
rElec   .          Harm     .   (no cloak)
rCorr   .          Rampage  .   (no gloves)
Will    .....                   (boots unavailable)
Stlth   +.........              (no amulet)
HPRegen 0.07/turn               a - ring of protection from cold
MPRegen 0.10/turn               (no ring)

@: confused
A: beak, talons 3
a: no special abilities


You were on level 2 of the Dungeon.
You visited 1 branch of the dungeon, and saw 2 of its levels.

You collected 85 gold pieces.


Innate Abilities, Weirdness & Mutations

You have a beak for a mouth.
You have claws for feet.


   Skills:
 - Level 2.0 Fighting
 + Level 4.4 Axes
 - Level 1.0 Throwing
 - Level 1.1 Armour
 - Level 2.1 Dodging
 - Level 2.0 Spellcasting
 - Level 2.4 Translocations


You had 6 spell levels left.
You didn't know any spells.
Your spell library contained the following spells:

 Spells                   Type           Power      Damage    Failure   Level
 Blink                    Tloc           14%        N/A       19%         2
 Gell's Gravitas          Tloc           7%         N/A       36%         3
 Lesser Beckoning         Tloc           7%         N/A       36%         3
 Teleport Other           Tloc           7%         N/A       36%         3
 Manifold Assault         Tloc           7%         N/A       98%         5

Inventory:

Hand Weapons
 c - a +0 club
 Y - a +0 hand axe (weapon)
Armour
 b - a +0 leather armour (worn)
 d - a +0 ring mail
Jewellery
 a - a ring of protection from cold (left hand)
Scrolls
 i - a scroll of identify
 j - a scroll of teleportation {unknown}
Potions
 e - a potion of mutation {unknown}
 f - a potion of flight {unknown}
 g - a potion of attraction {unknown}
 h - a potion of haste

Dungeon Overview and Level Annotations

Branches:
Dungeon (2/15)

Altars:

Annotations:
D:2 Sigmund


Message History

You closely miss the jackal. The jackal barely misses you.
The jackal bites you.
The jackal bites you but does no damage.
You miss the jackal. Your kick misses the jackal. You hit the jackal.
The jackal barely misses you. The jackal bites you.
The jackal closely misses you.
The jackal bites you but does no damage.
You hit the jackal.
You kill the jackal!
You hit the jackal but do no damage. The jackal barely misses you.
You completely miss the jackal. You peck the jackal.
The jackal is severely wounded.
The jackal barely misses you.
The jackal bites you but does no damage.
You hit the jackal. Your kick misses the jackal. You peck the jackal.
You kill the jackal!
You start resting.
HP restored.
You see here a jackal corpse.
There is a stone staircase leading down here.
Sigmund the Dreaded comes into view.
He is wielding a +0 scythe.
Sigmund shouts!
Enter note:
1436 ||| Stepping ~*~*~tactically~*~*~ (hiding).
You start waiting.
Sigmund is nearby!
Sigmund casts a spell at you.
You are confused.
You're too confused to move!
Sigmund points at you and mumbles some strange words.
The puff of flame hits you.
You hit Sigmund but do no damage. You claw Sigmund.
Sigmund is lightly wounded.
Sigmund misses you. Sigmund hits you with a +0 scythe!
You bump into the rock wall.
Sigmund says, "You will soon forget everything."
Sigmund hits you with a +0 scythe!
You die...

..# #.# #.# #####+####
#.## #......... ...
#.......# #.#
####.......# ###@#
..##.......# #..@#
..##.......# #.####.#
..##.......###......##
..%.....>.............
####.......###########
#.......# #..........
#......#### # #......#


You could see Sigmund.

Vanquished Creatures
  An adder (D:2)
  A worm (D:2)
  A dart slug (D:2)
  4 ball pythons
  5 bats
  4 endoplasms (D:1)
  A giant cockroach (D:1)
  4 goblins (D:1)
  2 hobgoblins
  3 jackals (D:2)
  2 kobolds (D:1)
  2 quokkas (D:1)
  A frilled lizard (D:1)
  A rat (D:1)
32 creatures vanquished.

Notes
Turn   | Place    | Note
-------+----------+-------------------------------------------
     0 | D:1      | qw the Tengu Warper began the quest for the Orb.
     0 | D:1      | Reached XP level 1. HP: 12/12 MP: 4/4
     0 | D:1      | 0 ||| qw: Version: 0.1-a-89-g26bdef1
     0 | D:1      | 0 ||| qw: Game counter: 3479
     0 | D:1      | 0 ||| qw: Always use a shield: true
     0 | D:1      | 0 ||| qw: God list: Okawaru
     0 | D:1      | 0 ||| qw: Allow faded altars: false
     0 | D:1      | 0 ||| qw: Do Orc after D:15 true
     0 | D:1      | 0 ||| qw: Do second Lair branch before Depths: true
     0 | D:1      | 0 ||| qw: Lair rune preference: random
     0 | D:1      | 0 ||| qw: Plans: Normal
     0 | D:1      | 0 ||| PLANNING D:1-11
   158 | D:1      | Reached XP level 2. HP: 14/17 MP: 6/6
   210 | D:1      | Reached skill level 3 in Axes
   237 | D:1      | Found a faded altar of an unknown god.
   248 | D:1      | 248 ||| READING scroll labelled PIETI JULAUC.
   249 | D:1      | 249 ||| READING scroll labelled OCWIUC ZOOJ.
   250 | D:1      | 250 ||| DROPPING scroll of blinking.
   251 | D:1      | 251 ||| Stepping randomly (stuck).
   252 | D:1      | 252 ||| Stepping randomly (stuck).
   253 | D:1      | 253 ||| Stepping randomly (stuck).
   254 | D:1      | 254 ||| Stepping randomly (stuck).
   255 | D:1      | 255 ||| Stepping randomly (stuck).
   256 | D:1      | 256 ||| Stepping randomly (stuck).
   257 | D:1      | 257 ||| Stepping randomly (stuck).
   258 | D:1      | 258 ||| Stepping randomly (stuck).
   259 | D:1      | 259 ||| Stepping randomly (stuck).
   260 | D:1      | 260 ||| Stepping randomly (stuck).
   261 | D:1      | 261 ||| Stepping randomly (stuck).
   262 | D:1      | 262 ||| Stepping randomly (stuck).
   263 | D:1      | 263 ||| Stepping randomly (stuck).
   264 | D:1      | 264 ||| Stepping randomly (stuck).
   265 | D:1      | 265 ||| Stepping randomly (stuck).
   266 | D:1      | 266 ||| Stepping randomly (stuck).
   267 | D:1      | 267 ||| Stepping randomly (stuck).
   268 | D:1      | 268 ||| Stepping randomly (stuck).
   269 | D:1      | 269 ||| Stepping randomly (stuck).
   270 | D:1      | 270 ||| Stepping randomly (stuck).
   271 | D:1      | 271 ||| Stepping randomly (stuck).
   272 | D:1      | 272 ||| Stepping randomly (stuck).
   273 | D:1      | 273 ||| Stepping randomly (stuck).
   274 | D:1      | 274 ||| Stepping randomly (stuck).
   275 | D:1      | 275 ||| Stepping randomly (stuck).
   276 | D:1      | 276 ||| Stepping randomly (stuck).
   277 | D:1      | 277 ||| Stepping randomly (stuck).
   278 | D:1      | 278 ||| Stepping randomly (stuck).
   279 | D:1      | 279 ||| Stepping randomly (stuck).
   280 | D:1      | 280 ||| Stepping randomly (stuck).
   281 | D:1      | 281 ||| Stepping randomly (stuck).
   282 | D:1      | 282 ||| Stepping randomly (stuck).
   341 | D:1      | 341 ||| UPGRADING to ring of protection from cold.
   342 | D:1      | 342 ||| Stepping randomly (stuck).
   343 | D:1      | 343 ||| Stepping randomly (stuck).
   344 | D:1      | 344 ||| Stepping randomly (stuck).
   345 | D:1      | 345 ||| Stepping randomly (stuck).
   346 | D:1      | 346 ||| Stepping randomly (stuck).
   347 | D:1      | 347 ||| Stepping randomly (stuck).
   348 | D:1      | 348 ||| Stepping randomly (stuck).
   354 | D:1      | 354 ||| Stepping randomly (stuck).
   355 | D:1      | 355 ||| Stepping randomly (stuck).
   356 | D:1      | 356 ||| Stepping randomly (stuck).
   357 | D:1      | 357 ||| Stepping randomly (stuck).
   358 | D:1      | 358 ||| Stepping randomly (stuck).
   359 | D:1      | 359 ||| Stepping randomly (stuck).
   360 | D:1      | 360 ||| Stepping randomly (stuck).
   361 | D:1      | 361 ||| Stepping randomly (stuck).
   362 | D:1      | 362 ||| Stepping randomly (stuck).
   363 | D:1      | 363 ||| Stepping randomly (stuck).
   364 | D:1      | 364 ||| Stepping randomly (stuck).
   365 | D:1      | 365 ||| Stepping randomly (stuck).
   368 | D:1      | 368 ||| Stepping randomly (stuck).
   369 | D:1      | 369 ||| Stepping randomly (stuck).
   370 | D:1      | 370 ||| Stepping randomly (stuck).
   371 | D:1      | 371 ||| Stepping randomly (stuck).
   372 | D:1      | 372 ||| Stepping randomly (stuck).
   373 | D:1      | 373 ||| Stepping randomly (stuck).
   374 | D:1      | 374 ||| Stepping randomly (stuck).
   375 | D:1      | 375 ||| Stepping randomly (stuck).
   376 | D:1      | 376 ||| Stepping randomly (stuck).
   377 | D:1      | 377 ||| Stepping randomly (stuck).
   378 | D:1      | 378 ||| Stepping randomly (stuck).
   379 | D:1      | 379 ||| Stepping randomly (stuck).
   380 | D:1      | 380 ||| Stepping randomly (stuck).
   381 | D:1      | 381 ||| Stepping randomly (stuck).
   382 | D:1      | 382 ||| Stepping randomly (stuck).
   383 | D:1      | 383 ||| Stepping randomly (stuck).
   384 | D:1      | 384 ||| Stepping randomly (stuck).
   385 | D:1      | 385 ||| Stepping randomly (stuck).
   386 | D:1      | 386 ||| Stepping randomly (stuck).
   387 | D:1      | 387 ||| Stepping randomly (stuck).
   388 | D:1      | 388 ||| Stepping randomly (stuck).
   389 | D:1      | 389 ||| Stepping randomly (stuck).
   390 | D:1      | 390 ||| Stepping randomly (stuck).
   391 | D:1      | 391 ||| Stepping randomly (stuck).
   392 | D:1      | 392 ||| Stepping randomly (stuck).
   393 | D:1      | 393 ||| Stepping randomly (stuck).
   394 | D:1      | 394 ||| Stepping randomly (stuck).
   396 | D:1      | 396 ||| Stepping randomly (stuck).
   397 | D:1      | 397 ||| Stepping randomly (stuck).
   398 | D:1      | 398 ||| Stepping randomly (stuck).
   399 | D:1      | 399 ||| Stepping randomly (stuck).
   400 | D:1      | 400 ||| Stepping randomly (stuck).
   401 | D:1      | 401 ||| Stepping randomly (stuck).
   402 | D:1      | 402 ||| Stepping randomly (stuck).
   403 | D:1      | 403 ||| Stepping randomly (stuck).
   404 | D:1      | 404 ||| Stepping randomly (stuck).
   416 | D:1      | 416 ||| Stepping randomly (stuck).
   417 | D:1      | 417 ||| Stepping randomly (stuck).
   418 | D:1      | 418 ||| Stepping randomly (stuck).
   419 | D:1      | 419 ||| Stepping randomly (stuck).
   420 | D:1      | 420 ||| Stepping randomly (stuck).
   421 | D:1      | 421 ||| Stepping randomly (stuck).
   422 | D:1      | 422 ||| Stepping randomly (stuck).
   423 | D:1      | 423 ||| Stepping randomly (stuck).
   424 | D:1      | 424 ||| Stepping randomly (stuck).
   425 | D:1      | 425 ||| Stepping randomly (stuck).
   426 | D:1      | 426 ||| Stepping randomly (stuck).
   427 | D:1      | 427 ||| Stepping randomly (stuck).
   428 | D:1      | 428 ||| Stepping randomly (stuck).
   429 | D:1      | 429 ||| Stepping randomly (stuck).
   724 | D:1      | Reached XP level 3. HP: 21/21 MP: 7/7
   929 | D:1      | 929 ||| DRINKING 2 smoky clear potions.
  1020 | D:2      | 1020 ||| Stepping ~*~*~tactically~*~*~ (hiding).
  1148 | D:2      | Reached skill level 4 in Axes
  1281 | D:2      | 1281 ||| FLEEEEING.
  1435 | D:2      | Noticed Sigmund
  1436 | D:2      | 1436 ||| Stepping ~*~*~tactically~*~*~ (hiding).
  1445 | D:2      | Slain by Sigmund

Levels and vault maps discovered:
D:1:      pf_arrival_petrified_forest, layout_basic,
          shapermc_ecumenical_altar_ellora, st_stairs_12, hangedman_glass_teeth
D:2:      layout_basic, uniq_sigmund

Skill      XL: |  1  2  3 |
---------------+----------+-----
Axes           | 3 4 |  4.4
Fighting       | |  2.0
Throwing       | |  1.0
Armour         | |  1.1
Dodging        | |  2.1
Spellcasting   | |  2.0
Translocations | |  2.4

Action                   || total
-------------------------++-------
Melee: Hand axe          ||    83
       Kick              ||    18
       Peck              ||    14
Throw: Boomerang         ||     7
  Use: Scroll            ||     2
       Potion            ||     1
Armor: Leather armour    ||    19
Dodge: Dodged            ||    43

Table legend:
 A = Non-vault XP
 B = Vault XP
 C = Vault XP percentage of total XP
 D = Non-vault monster count
 E = Vault monster count
 F = Vault count percentage of total count
                 A         B        C        D         E       F
            +---------+---------+-------+---------+---------+-------
      Total |      71 |       2 |   2.7 |      31 |       1 |   3.1
            +---------+---------+-------+---------+---------+-------
        D:1 |      36 |       2 |   5.3 |      21 |       1 |   4.5
        D:2 |      35 |       0 |   0.0 |      10 |       0 |   0.0
            +---------+---------+-------+---------+---------+-------
